 Dungeon Crawl Stone Soup version 0.27-a0-1193-g8631133539 (webtiles) character file.

Game seed: 2036079121952707662

18 EnegeticOcto the Magician (level 2, -2/21 HPs)
             Began as a Djinni Earth Elementalist on May 25, 2021.
             Slain by an orc
             ... wielding a +0 flail
              (9 damage)
             ... on level 5 of the Dungeon.
             The game lasted 00:02:19 (433 turns).

EnegeticOcto the Magician (DjEE)                     Turns: 433, Time: 00:02:19

Health: -2/21      AC:  2    Str:  7    XL:     2   Next: 90%
Gold:   49         EV: 12    Int: 16    God:
                   SH:  0    Dex: 13

rFire    + + .     SeeInvis .   (no weapon)
rCold    x . .     Faith    .   (no shield)
rNeg     . . .     Spirit   .   c - +0 robe
rPois    ∞         Reflect  .   (no helmet)
rElec    .         Harm     .   (no cloak)
rCorr    .         Rampage  .   (no gloves)
Will     .....                  (boots unavailable)
Stlth    ++........             (no amulet)
HPRegen  0.07/turn              (no ring)
MPRegen  0.00/turn              (no ring)

@: flying
A: sickness immunity, fire resistance 2, cold vulnerability 1, float, innate
caster, hp casting, extra vitality 1
a: no special abilities


You were on level 5 of the Dungeon.
You visited 1 branch of the dungeon, and saw 5 of its levels.

You collected 49 gold pieces.

Inventory:

Missiles
 b - 27 stones
 d - 8 poisoned darts (quivered)
Armour
 c - a +0 robe (worn)
Potions
 f - a potion of attraction


   Skills:
 - Level 2.1 Dodging
 - Level 1.5 Stealth
 + Level 3.1 Spellcasting


You couldn't memorise any spells.
You knew the following spells:

 Your Spells              Type           Power      Damage    Failure   Level
a - Sandblast             Erth           24%        2d8       4%          1
b - Stone Arrow           Conj/Erth      24%        3d8       16%         3
c - Petrify               Tmut/Erth      12%        N/A       45%         4
d - Lee's Rapid Deconstr  Erth           6%         3d7*      80%         5
p - Passwall              Tmut/Erth      10%        N/A       8%          2
Your spell library was empty.

Dungeon Overview and Level Annotations

Branches:
Dungeon (5/15)
 Temple: D:4-7

Altars:

Shops:
D:2 (


Innate Abilities, Weirdness & Mutations

You are immune to sickness and miasma.
You are immune to poison.
Your flesh is very heat resistant. (rF++)
You are vulnerable to cold. (rC-)
You float through the air rather than walking.
You learn spells naturally, not from books.
Your magical power is your life essence.
You have superior vitality. (+4 HP)


Message History

Found 8 gold pieces.
You now have 49 gold pieces (gained 8).
You reach down and open the door.
There is an open door here.
You reach down and open the door.
There is an open door here.
Found a stone staircase leading up.
Found a short sword.
There is a stone staircase leading up here.
Found a glowing paperback book and a chain mail.
Found a lumpy yellow potion.
f - a lumpy yellow potion You reach down and open the door.
Found 16 stones.
Found a stone staircase leading down.
There is an open door here.
Found a scroll labelled TETZIFUKLI.
b - 31 stones (gained 16)
g - a scroll labelled TETZIFUKLI
(D) Dungeon
Where to? (Enter - D:2, ? - help)
There is a stone staircase leading down here.
You fly downwards.
There is a stone staircase leading up here.
As you read the scroll labelled CIAWKENKER, it crumbles to dust.
The scroll dissolves into smoke.
It was a scroll of fog.
As you read the scroll labelled VOENYPTAIJI, it crumbles to dust.
You feel strangely unstable.
It was a scroll of teleportation.
As you read the scroll labelled TETZIFUKLI, it crumbles to dust.
It is a scroll of identify.
f - a potion of attraction Your surroundings suddenly seem different.
An orc wizard comes into view. It is wielding a +0 dagger.
The orc wizard shouts!
An orc comes into view. It is wielding a +0 flail.
The orc shouts!
An orc comes into view. It is wielding a +0 hand axe.
The orc shouts!
An orc comes into view.
It is wielding a +0 flail and quivering boomerangs of dispersal.
The orc shouts!
An orc comes into view. It is wielding a +0 mace.
The orc shouts!
A quokka comes into view.
The orc misses you.
An ogre comes into view. It is wielding a +0 giant spiked club.
The ogre shouts!
Found a scroll labelled NUT XOJEYSUBA.
Casting: Sandblast (safe; 4% risk of failure)
Confirm with . or Enter, or press ? or * to list all spells.
Aiming: Sandblast (safe; 4% risk of failure)
Press: ? - help, Shift-Dir - straight line, f - orc wizard
Aim: an orc wizard, wielding a +0 dagger and wearing a +0 robe (74% to hit)
The blast of sand hits the orc wizard.
The orc wizard is lightly wounded.
b - 30 stones The orc wizard hits you with a +0 dagger.
The orc hits you with a +0 flail.
Casting: Sandblast (safe; 4% risk of failure)
Confirm with . or Enter, or press ? or * to list all spells.
Aiming: Sandblast (safe; 4% risk of failure)
Press: ? - help, Shift-Dir - straight line, f/p - orc wizard
Aim: an orc wizard, wielding a +0 dagger and wearing a +0 robe (lightly wounded, 74% to hit)
The blast of sand hits the orc wizard.
The orc wizard is moderately wounded.
b - 29 stones The orc closely misses you.
The orc wizard hits you with a +0 dagger.
The orc hits you with a +0 flail. The quokka misses you.
The orc wizard gestures at itself while chanting.
The orc wizard flickers and vanishes!
Deactivating autopickup; reactivate with Ctrl-A.
Found 12 gold pieces.
The quokka closely misses you. The ogre closely misses you.
Found a stone staircase leading down.
The quokka barely misses you.
A scorpion comes into view.
The quokka barely misses you.
There is a stone staircase leading down here.
The orc hits you with a +0 flail.
You fly downwards.
Reactivating autopickup.
There is a stone staircase leading up here.
Casting: Sandblast (safe; 4% risk of failure)
Confirm with . or Enter, or press ? or * to list all spells.
Aiming: Sandblast (safe; 4% risk of failure)
Press: ? - help, Shift-Dir - straight line, f - orc
Aim: an orc, wielding a +0 flail and wearing a +0 scale mail (82% to hit)
The blast of sand hits the orc but does no damage.
b - 28 stones The orc barely misses you.
Casting: Sandblast (safe; 4% risk of failure)
Confirm with . or Enter, or press ? or * to list all spells.
Aiming: Sandblast (safe; 4% risk of failure)
Press: ? - help, Shift-Dir - straight line, f/p - orc
Aim: an orc, wielding a +0 flail and wearing a +0 scale mail (82% to hit)
The blast of sand misses the orc.
b - 27 stones The orc hits you with a +0 flail!
You die...

##### # ...
#
#####.#o#.#
.......@..+
#########.#
#


You could see an orc.

Vanquished Creatures
  A howler monkey skeleton (D:3)
  2 endoplasms
  2 goblins
  2 kobolds
  2 ball pythons
  A frilled lizard (D:3)
10 creatures vanquished.

Notes
Turn   | Place    | Note
-------+----------+-------------------------------------------
     0 | D:1      | EnegeticOcto the Djinni Earth Elementalist began the quest
                  | for the Orb.
     0 | D:1      | Reached XP level 1. HP: 15/15 MP: 0/0
    48 | D:2      | Found Seyrev's Weapon Shop.
   123 | D:3      | Reached XP level 2. HP: 5/21 MP: 0/0
   136 | D:3      | Reached skill level 3 in Spellcasting
   409 | D:4      | Noticed an ogre
   426 | D:4      | Noticed a scorpion
   431 | D:5      | Entered Level 5 of the Dungeon
   433 | D:5      | Slain by an orc

Illustrated notes

Levels and vault maps discovered:
D:1:      amcnicky_arrival_choice, layout_loops_corners
D:2:      layout_rooms, serial_shops, shop
D:3:      layout_loops_corners, grunt_decor_one_mirror
D:4:      layout_rooms
D:5:      layout_basic, ashenzari_altar_1, minmay_temple_entry_slanted,
          grunt_decor_resistance, st_stairs_3,
          minmay_a_box_with_orc_wizards_in_it, uniq_duvessa, uniq_ijyb

Skill      XL: |  1  2 |
---------------+-------+-----
Spellcasting   | 3 |  3.1
Dodging        | |  2.1
Stealth        | |  1.5

Action                   || total
-------------------------++-------
 Cast: Sandblast         ||    19
  Use: Potion            ||     1
       Scroll            ||     3
Dodge: Dodged            ||    14

Table legend: (Time is in decaauts)
 A = Elapsed time spent in this place.
 B = Non-inter-level travel time spent in this place.
 C = Inter-level travel time spent in this place.
 D = Time resting spent in this place.
 E = Time spent auto-exploring this place.
 F = Levels seen in this place.
 G = Mean time per level.
                   A        B        C        D        E       F      G
               +--------+--------+--------+--------+--------+-----+--------+
         Total |    435 |    428 |      7 |      0 |      0 |   5 |   87.0 |
       Dungeon |    435 |    428 |      7 |      0 |      0 |   5 |   87.0 |
               +--------+--------+--------+--------+--------+-----+--------+

Top non-repeatable levels by time:
     D:3: 280 daAuts
     D:2: 72 daAuts
     D:1: 53 daAuts
     D:4: 27 daAuts
     D:5: 1 daAuts
